 Dungeon Crawl Stone Soup version 0.27.1-3-gb3d3a73c9e (webtiles) character file.

Game seed: 17702867346483928888

2841 Crownlay the Zephyrmancer (level 9, -3/83 HPs)
             Began as a Red Draconian Air Elementalist on Oct 29, 2021.
             Was a Follower of Vehumet.
             Slain by an orc warrior (13 damage)
             ... on level 6 of the Dungeon.
             The game lasted 00:17:51 (9127 turns).

Crownlay the Zephyrmancer (DrAE)                    Turns: 9127, Time: 00:17:51

Health: -3/83      AC:  9    Str: 10    XL:     9   Next: 46%
Magic:  2/14       EV: 12    Int: 18    God:    Vehumet [*.....]
Gold:   306        SH:  0    Dex: 13    Spells: 4/14 levels left

rFire    + . .     SeeInvis .   m - +2 short sword (venom)
rCold    . . .     Faith    .   (no shield)
rNeg     . . .     Spirit   .   (armour unavailable)
rPois    .         Reflect  .   (helmet restricted)
rElec    .         Harm     .   j - +0 cloak
rCorr    .         Rampage  .   k - +0 pair of gloves
Will     .....                  (no boots)
Stlth    ++........             (no amulet)
HPRegen  0.23/turn              (no ring)
MPRegen  0.14/turn              (no ring)

@: no status effects
A: breathe fire, AC +7, unfitting armour, fire resistance 1, cold-blooded
a: Breathe Fire, Renounce Religion


You were on level 6 of the Dungeon.
You worshipped Vehumet.
Vehumet was aware of your devotion.
You visited 2 branches of the dungeon, and saw 8 of its levels.

You collected 306 gold pieces.

Inventory:

Hand Weapons
 m - a +2 short sword of venom (weapon)
Armour
 j - a +0 cloak (worn)
 k - a +0 pair of gloves (worn)
Magical Staves
 s - a staff of death
Wands
 c - a wand of flame (12)
Scrolls
 a - a scroll of identify
 e - 4 scrolls of noise
 g - 2 scrolls of amnesia
 h - 3 scrolls of teleportation {unknown}
 i - 3 scrolls of fog
 n - a scroll of vulnerability {unknown}
 o - a scroll of holy word {unknown}
 p - a scroll of silence {unknown}
 q - 4 scrolls of magic mapping {unknown}
 r - a scroll of brand weapon {unknown}
 u - a scroll of blinking {unknown}
Potions
 b - a potion of brilliance {unknown}
 d - 2 potions of lignification {unknown}
 f - a potion of heal wounds {unknown}
 l - a potion of curing {unknown}
 t - a potion of haste {unknown}
 v - a potion of might {unknown}


   Skills:
 + Level 9.2 Fighting
 - Level 1.7 Dodging
 - Level 1.7 Stealth
 - Level 3.4 Spellcasting
 - Level 1.0 Conjurations
 - Level 10.0 Air Magic


You had 4 spell levels left.
You knew the following spells:

 Your Spells              Type           Power      Damage    Failure   Level
a - Shock                 Conj/Air       88%        1d8       1%          1
b - Static Discharge      Conj/Air       22%        N/A       2%          2
c - Swiftness             Air            39%        N/A       1%          3
d - Airstrike             Air            19%        N/A       2%          4

Your spell library contained the following spells:

 Spells                   Type           Power      Damage    Failure   Level
 Magic Dart               Conj           24%        1d4       11%         1


Dungeon Overview and Level Annotations

Branches:
Dungeon (7/15)             Temple (1/1) D:5

Altars:
Ashenzari
Dithmenos
Elyvilon
Fedhas
Gozag
Hepliaklqana
Kikubaaqudgha
Makhleb
Okawaru
Qazlal
Ru
Sif Muna
Trog
Uskayaw
Vehumet
Wu Jian
Yredelemnul
The Shining One


Innate Abilities, Weirdness & Mutations

You can breathe blasts of fire.
Your fiery red scales are hard. (AC +7)
You cannot fit into any form of body armour.
Your flesh is heat resistant. (rF+)
You are cold-blooded and may be slowed by cold attacks.


Message History

The zap misses the orc.
The orc warrior hits you with a +0 broad axe!
An orc comes into view. It is wielding a +0 club.
Casting: Shock (safe; 1% risk of failure)
Confirm with . or Enter, or press ? or * to list all spells.
Aiming: Shock (safe; 1% risk of failure)
Press: ? - help, Shift-Dir - straight line, f/p - orc
Aim: an orc, wielding a +0 short sword and wearing a +0 chain mail (moderately wounded, 81% to hit)
The zap misses the orc warrior.
The zap hits the ogre.
The ogre is severely wounded.
The zap hits the orc!
You kill the orc!
Vehumet accepts your kill. The orc warrior barely misses you.
There is a stone staircase leading up here.
The orc warrior hits you with a +0 broad axe!
The ogre misses you.
You climb upwards.
There is a stone staircase leading down here.
The orc warrior hits you with a +0 broad axe.
The orc warrior closely misses you.
The ogre hits you with a +0 giant club!!
* * * LOW HITPOINT WARNING * * *
Casting: Shock (safe; 1% risk of failure)
Confirm with . or Enter, or press ? or * to list all spells.
The orc warrior is struck by an arc of lightning!
The orc warrior is almost dead.
You are struck by an arc of lightning.
* * * LOW HITPOINT WARNING * * *
The ogre is struck by an arc of lightning.
The ogre is almost dead.
The lightning grounds out.
The ogre is struck by an arc of lightning.
You kill the ogre!
Vehumet accepts your kill.
You are struck by an arc of lightning.
* * * LOW HITPOINT WARNING * * *
The lightning grounds out.
The orc warrior hits you with a +0 broad axe!
You die...

..#####.........#..###
..##............#.##
..#...............#
#....<...........##
.(............<..####
....................#
.(.........#........#
....................#
##..........##..@...#
♣#.........###.o)...#
♣##........# #......#
.♣#........# #..>...#
.♣##.......# ########
..♣#......##
..♣#......#
..♣#.####.# ..♣#.# #.#


You could see an orc warrior.

Vanquished Creatures
  Prince Ribbit (D:6)
  Sigmund (D:5)
  Eustachio (D:6)
  Menkaure (D:5)
  A steam dragon (D:6)
  2 water moccasins (D:6)
  An orc warrior (D:5)
  3 necrophages
  An ice beast (D:5)
  2 ogres
  A phantom (D:5)
  Blork the orc (D:5)
  2 bullfrogs (D:6)
  3 scorpions (D:5)
  A water moccasin zombie (D:6)
  3 water moccasin skeletons
  A jelly (D:4)
  A hound (D:6)
  2 orc priests
  A gnoll shaman (D:6)
  A centaur skeleton (D:6)
  2 iguanas
  Terence (D:3)
  5 orc wizards
  Ijyb (D:3)
  A hound zombie (D:5)
  12 gnolls
  5 adders
  A shadow imp (D:6)
  An adder skeleton (D:4)
  2 worms
  4 dart slugs
  27 orcs
  9 endoplasms
  6 giant cockroaches
  7 goblins
  10 hobgoblins
  12 kobolds
  7 quokkas
  4 ball pythons
  3 bats
  3 frilled lizards
  A rat (D:2)
155 creatures vanquished.

Notes
Turn   | Place    | Note
-------+----------+-------------------------------------------
     0 | D:1      | Crownlay the Draconian Air Elementalist began the quest for
                  | the Orb.
     0 | D:1      | Reached XP level 1. HP: 14/14 MP: 3/3
   282 | D:1      | Reached XP level 2. HP: 18/20 MP: 0/5
   708 | D:1      | Learned a level 2 spell: Static Discharge
  1260 | D:1      | Reached XP level 3. HP: 14/26 MP: 1/6
  1505 | D:1      | Reached skill level 4 in Air Magic
  1652 | D:1      | Found a faded altar of an unknown god.
  2248 | D:2      | Learned a level 3 spell: Swiftness
  2322 | D:2      | Reached XP level 4. HP: 20/33 MP: 1/8
  2924 | D:3      | Reached skill level 5 in Air Magic
  3101 | D:3      | Reached XP level 5. HP: 36/38 MP: 0/9
  3189 | D:3      | Learned a level 4 spell: Airstrike
  3702 | D:3      | Noticed Terence
  3709 | D:3      | Killed Terence
  3926 | D:3      | Noticed Ijyb
  3931 | D:3      | Killed Ijyb
  4121 | D:3      | Found a broken altar of Ashenzari.
  4344 | D:4      | Reached XP level 6. HP: 21/45 MP: 2/11
  4653 | D:4      | Reached skill level 6 in Air Magic
  5146 | D:4      | Reached skill level 7 in Air Magic
  5540 | D:5      | Entered Level 5 of the Dungeon
  5681 | D:5      | Your scales start taking on a fiery red colour.
  5681 | D:5      | Reached XP level 7. HP: 50/50 MP: 7/12
  5681 | D:5      | Gained mutation: Your flesh is heat resistant. (rF+) [Red
                  | Draconian growth]
  5937 | D:5      | Reached skill level 8 in Air Magic
  6072 | D:5      | Reached skill level 1 in Fighting
  6388 | D:5      | Noticed Sigmund
  6401 | D:5      | Killed Sigmund
  6402 | D:5      | Reached skill level 9 in Air Magic
  6402 | D:5      | Reached XP level 8. HP: 51/62 MP: 5/13
  6741 | D:5      | Found a staircase to the Ecumenical Temple.
  6741 | D:5      | Noticed Menkaure
  6757 | D:5      | Killed Menkaure
  7049 | D:5      | Noticed Blork the orc
  7059 | D:5      | Killed Blork the orc
  7067 | Temple   | Entered the Ecumenical Temple
  7356 | Temple   | Became a worshipper of Vehumet
  7547 | D:6      | Noticed Prince Ribbit
  7640 | D:6      | Killed Prince Ribbit
  7641 | D:6      | Reached skill level 5 in Fighting
  7641 | D:6      | Reached skill level 10 in Air Magic
  7969 | D:6      | Found a large runed translucent door.
  7970 | D:6      | Found a large runed translucent door.
  8061 | D:6      | Reached XP level 9. HP: 78/78 MP: 3/14
  8189 | D:6      | Found a basalt altar of Yredelemnul.
  8392 | D:6      | Found a white marble altar of Elyvilon.
  8841 | D:6      | Noticed Eustachio
  8842 | D:6      | Found a blossoming altar of Fedhas.
  8852 | D:6      | Killed Eustachio
  8941 | D:6      | Found an ornate altar of the Wu Jian Council.
  8966 | D:7      | Reached * piety under Vehumet
  8966 | D:7      | Offered knowledge of Magic Dart by Vehumet.
  9127 | D:6      | Slain by an orc warrior

Illustrated notes

Levels and vault maps discovered:
D:1:      dpeg_arrival_morbid_curiosity, layout_basic,
          hellmonk_ecumenical_altar_inner_sanctum, minmay_tetromino_l4
D:2:      layout_loops_cross
D:3:      layout_basic, overflow_temple_1_default, uniq_ijyb, uniq_terence
D:4:      layout_basic
D:5:      layout_basic, minmay_temple_entry_slanted, guppyfry_early_orc_mine,
          uniq_menkaure, uniq_sigmund, uniq_blork_the_orc
D:6:      minmay_spotlight, layout_rooms, kennysheep_ying_yang,
          jmf_multi_god_temple2, uniq_eustachio, uniq_prince_ribbit1
D:7:      layout_rooms, mainiacjoe_overflow_six_doors_small
Temple:   minmay_temple_curvy_branch

Skill      XL: |  1  2  3  4  5  6  7  8  9 |
---------------+----------------------------+-----
Air Magic      | 4 5 7 9 10 | 10.0
Spellcasting   | 3 |  3.4
Fighting       | 2 6 9 |  9.2
Dodging        | |  1.7
Stealth        | |  1.7
Conjurations   | |  1.0

Action                   |  1- 3 |  4- 6 |  7- 9 || total
-------------------------+-------+-------+-------++-------
Melee: Unarmed           |    26 |       |       ||    26
       Tailslap          |     2 |     1 |     1 ||     4
       Mace              |    14 |     5 |       ||    19
       Short sword       |       |    14 |    32 ||    46
 Cast: Shock             |    77 |   114 |   111 ||   302
       Static Discharge  |     9 |    18 |    24 ||    51
       Airstrike         |       |       |    19 ||    19
 Abil: Breathe Fire      |       |       |     1 ||     1
  Use: Scroll            |     2 |     1 |       ||     3
 Stab: Sleeping          |     1 |     2 |       ||     3
Armor: Skin              |    13 |    13 |    40 ||    66
Dodge: Dodged            |    24 |    22 |    50 ||    96
